 Dungeon Crawl Stone Soup version 0.30-a0-279-g4b46babb21 (webtiles) character file.

Game seed: 17892906385198809599

5389 Lanoc the Cleaver (level 10, -2/89 HPs)
             Began as a Hill Orc Gladiator on Oct 16, 2022.
             Was the Champion of Uskayaw.
             Constricted to death by Jorgrun (12 damage)
             ... on level 1 of the Orcish Mines.
             The game lasted 00:20:25 (10986 turns).

Lanoc the Cleaver (Hill Orc Gladiator)             Turns: 10986, Time: 00:20:25

Health: -2/89      AC: 11    Str: 18    XL:     10   Next: 66%
Magic:  10/10      EV: 10    Int:  8    God:    Uskayaw [******]
Gold:   185        SH:  0    Dex: 20    Spells: 9/9 levels left

rFire   . . .      SeeInvis .    a - +1 war axe
rCold   . . .      Faith    .    A - +0 buckler
rNeg    . . .      Spirit   .    D - +1 scale mail of Baldness {Dex+4}
rPois   .          Reflect  .    c - +0 helmet
rElec   .          Harm     .    d - +0 cloak
rCorr   .          Rampage  .    (no gloves)
Will    .....                    (no boots)
Stlth   ..........               (no amulet)
HPRegen 0.34/turn                (no ring)
MPRegen 0.12/turn                (no ring)

@: confused, mighty, lethally poisoned (-2 -> -11), ambrosia-drunk, grasped by
roots, hasted, constricted, very quick
A: no striking features
a: Renounce Religion, Stomp, Line Pass, Grand Finale


You were on level 1 of the Orcish Mines.
You worshipped Uskayaw.
Uskayaw was noncommittal.
You visited 3 branches of the dungeon, and saw 12 of its levels.
You also visited: Sewer.

You collected 580 gold pieces.
You spent 395 gold pieces at shops.

Inventory:

Hand Weapons
 a - a +1 war axe (weapon)
Missiles
 b - 2 silver boomerangs (quivered)
 e - a javelin
 g - 8 curare-tipped darts
 m - 2 throwing nets
Armour
 c - a +0 helmet (worn)
 d - a +0 cloak (worn)
 A - a +0 buckler (worn)
 D - the +1 scale mail of Baldness (worn) {Dex+4}
   (You bought it in a shop on level 8 of the Dungeon)

   Dex:       It affects your dexterity (+4).
Jewellery
 y - a ring of fire
Wands
 w - a wand of flame (15)
 z - a wand of charming (8)
 B - a wand of iceblast (6)
 E - a wand of mindburst (18)
Scrolls
 n - a scroll of immolation
 r - a scroll of teleportation
 u - 2 scrolls of blinking
 v - a scroll of torment
 C - a scroll of fog
Potions
 h - a potion of might
 j - 3 potions of brilliance
 k - 3 potions of lignification
 l - 3 potions of attraction
 o - 4 potions of mutation
 p - 5 potions of haste
 x - 3 potions of flight
Miscellaneous
 q - a lightning rod (4/4)


   Skills:
 + Level 8.3 Fighting
 * Level 12.9 Axes
 - Level 1.7 Throwing
 + Level 7.2 Armour
 + Level 6.2 Dodging
 - Level 4.0 Shields


You had 9 spell levels left.
You didn't know any spells.
Your spell library contained the following spells:

 Spells                   Type           Power      Damage    Failure   Level
 Cigotuvi's Dreadful Rot  Necr/Pois/Air  0%         N/A       94%         2
 Ensorcelled Hibernation  Hex/Ice        0%         N/A       94%         2
 Poisonous Vapours        Pois/Air       0%         N/A       94%         2
 Mephitic Cloud           Conj/Pois/Air  0%         N/A       99%         3
 Spider Form              Tmut/Pois      0%         N/A       99%         3
 Anguish                  Hex/Necr       0%         N/A       100%        4
 Blade Hands              Tmut           0%         N/A       100%        5
 Irradiate                Conj/Tmut      0%         3d11      100%        5
 Dragon Form              Tmut           0%         N/A       100%        7


Dungeon Overview and Level Annotations

Branches:
Dungeon (10/15)            Temple (1/1) D:4             Orc (1/2) D:9
  Sewer (visited)
   Lair: D:8-11

Altars:
Ashenzari
Cheibriados
Elyvilon
Fedhas
Nemelex Xobeh
Qazlal
Sif Muna
Trog
Uskayaw
Vehumet
Wu Jian
Xom
Beogh

Shops:
D:8 !([!

Annotations:
Orc:1 Erica, Jorgrun


Message History

The orc hits you but does no damage. The orc closely misses you.
You block the orc warrior's attack.
You slash Jorgrun!
Jorgrun is almost dead.
You miss something. You slash the orc warrior!
Your hearing returns.
Jorgrun misses you.
The orc warrior hits you but does no damage.
The orc hits you from afar with a +0 trident. x2
Something hits you. Something burns you.
You closely miss Jorgrun.
Jorgrun is almost dead.
You hit something. You hit the orc warrior.
The orc warrior shoots a bolt.
The bolt misses you.
You miss something. You slash the orc warrior!
You kill the orc warrior!
You barely miss Jorgrun.
Jorgrun hits you with a +0 vorpal quarterstaff!
* * * LOW HITPOINT WARNING * * *
x2 An orc comes into view. It is wielding a +0 short sword.
The orc barely misses you.
You hear some strange, mumbled words.
A bolt of poison appears from out of thin air!
The bolt of poison hits you!
You are poisoned.
* * * LOW HITPOINT WARNING * * *
You block the orc's attack.
It was a potion of ambrosia.
You are confused.
You feel invigorated.
* * * LOW HITPOINT WARNING * * *
You feel very sick.
* * * LOW HITPOINT WARNING * * *
You feel sick.
Jorgrun says, "May tha earth consume ye!"
Jorgrun casts a spell at you.
Roots burst forth from the earth!
The grasping roots grab you! The grasping roots constrict you!
You die...

*,,,,,...............#
,,,,,,...............##
,,*,,,................#*
,**,,,........#....$...*
,,**,*.............##.#*
,,,,,,..o....oo...##***
,,,,,,.......oog)..#
,,,,,,........{)#)##
,,,,,,#.......)#@##*
,,,,,**#.......))).#*
,,,,** *#....#......#
,,,,,** ##.#.###...##
,*,,,,***#...,*#...#
***,,,,**...,,*##.##
**,,,,,*..,,,,**##
**,*,,,*,,,**,**
,,,,,****,*****


You could see Jorgrun, an orc warrior and 3 orcs.

Vanquished Creatures
  Maurice (D:8)
  A hornet (D:8)
  A shadow (D:9)
  3 yaks (D:8)
  2 steam dragons
  Menkaure (D:4)
  An acid dragon (D:9)
  A water moccasin (D:5)
  9 orc warriors
  3 ice beasts
  2 sky beasts
  2 ogres (Orc:1)
  A centaur (D:7)
  2 phantoms (D:5)
  4 kobold brigands
  4 bullfrogs (D:7)
  2 necrophages (D:5)
  A scorpion (D:6)
  3 wights (D:9)
  2 hounds (D:6)
  7 orc priests
  4 iguanas
  9 orc wizards
  A mummy (D:5)
  3 gnolls (D:4)
  13 adders
  3 river rats (Sewer)
  3 shadow imps
  2 white imps
  An ufetubus (D:5)
  A worm (D:2)
  5 dart slugs
  22 orcs
  6 endoplasms
  4 giant cockroaches
  4 goblins
  4 hobgoblins
  7 jackals
  17 kobolds
  A quokka (D:3)
  12 ball pythons
  4 bats
  7 frilled lizards
  A hobgoblin zombie (D:5)
  A kobold zombie (D:5)
  2 orc zombies (D:5)
  11 rats
201 creatures vanquished.

Vanquished Creatures (collateral kills)
  A hornet (D:7)
1 creature vanquished.

Vanquished Creatures (others)
  42 plants
42 creatures vanquished.

Grand Total: 244 creatures vanquished

Notes
Turn   | Place    | Note
-------+----------+-------------------------------------------
     0 | D:1      | Lanoc the Hill Orc Gladiator began the quest for the Orb.
     0 | D:1      | Reached XP level 1. HP: 18/18 MP: 1/1
    84 | D:1      | Reached XP level 2. HP: 25/25 MP: 2/2
   742 | D:2      | Reached XP level 3. HP: 30/30 MP: 3/3
   756 | D:2      | Reached skill level 5 in Axes
   756 | D:2      | Reached skill level 1 in Armour
   903 | D:2      | Reached XP level 4. HP: 38/38 MP: 4/4
  1825 | D:3      | Found a glowing drain.
  1871 | Sewer    | Entered a sewer
  1956 | Sewer    | Reached XP level 5. HP: 45/45 MP: 5/5
  1968 | Sewer    | Noticed a kobold brigand
  1976 | Sewer    | Killed a kobold brigand
  1977 | Sewer    | Reached skill level 6 in Axes
  2109 | Sewer    | Noticed a kobold brigand
  2116 | Sewer    | Killed a kobold brigand
  2117 | Sewer    | Reached XP level 6. HP: 52/52 MP: 6/6
  3323 | D:4      | Noticed Menkaure
  3332 | D:4      | Killed Menkaure
  3333 | D:4      | Reached skill level 7 in Axes
  3333 | D:4      | Reached XP level 7. HP: 24/60 MP: 7/7
  3899 | D:4      | Found a staircase to the Ecumenical Temple.
  3919 | Temple   | Entered the Ecumenical Temple
  4146 | Temple   | Became a worshipper of Uskayaw the Reveller
  4413 | D:4      | Found a white marble altar of Elyvilon.
  4544 | D:5      | Entered Level 5 of the Dungeon
  4569 | D:5      | Found a broken altar of Ashenzari.
  4592 | D:5      | Reached * piety under Uskayaw
  4596 | D:5      | Reached ** piety under Uskayaw
  4607 | D:5      | Reached *** piety under Uskayaw
  4877 | D:5      | Reached skill level 8 in Axes
  5105 | D:5      | Reached skill level 5 in Fighting
  5440 | D:5      | Reached XP level 8. HP: 68/68 MP: 8/8
  5733 | D:5      | Reached skill level 9 in Axes
  6651 | D:6      | Found an ornate altar of the Wu Jian Council.
  6905 | D:7      | Noticed a hornet
  7133 | D:7      | Reached skill level 10 in Axes
  7133 | D:7      | Reached skill level 5 in Armour
  7174 | D:7      | Reached XP level 9. HP: 68/77 MP: 9/9
  7361 | D:7      | Killed a hornet
  7362 | D:7      | Reached skill level 5 in Dodging
  7362 | D:7      | Reached skill level 1 in Shields
  8265 | D:8      | Found a radiant altar of Vehumet.
  8318 | D:8      | Noticed Maurice
  8379 | D:8      | Killed Maurice
  8380 | D:8      | Reached skill level 11 in Axes
  8539 | D:8      | Found Dustedae's Weapon Shoppe.
  8543 | D:8      | Found Ubbaonka's Distillery.
  8544 | D:8      | Found Uhueruhi's Antique Armour Shoppe.
  8551 | D:8      | Found Uhod's Distillery.
  8554 | D:8      | Bought a potion of berserk rage for 65 gold pieces
  8558 | D:8      | Bought a masterwork scale mail for 180 gold pieces
  8558 | D:8      | Identified the +1 scale mail of Baldness {Dex+4} (You
                  | bought it in a shop on level 8 of the Dungeon)
  8567 | D:8      | Bought a potion of heal wounds for 75 gold pieces
  8567 | D:8      | Bought a potion of heal wounds for 75 gold pieces
  8611 | D:8      | Noticed a hornet
  8618 | D:8      | Killed a hornet
  8970 | D:8      | Reached **** piety under Uskayaw
  8982 | D:8      | Reached ***** piety under Uskayaw
  8988 | D:8      | Reached XP level 10. HP: 47/86 MP: 10/10
  9181 | D:8      | Reached skill level 12 in Axes
  9858 | D:9      | Found a staircase to the Orcish Mines.
 10471 | D:9      | Found a blossoming altar of Fedhas.
 10875 | D:10     | Entered Level 10 of the Dungeon
 10890 | D:10     | Noticed a two-headed ogre
 10929 | Orc:1    | Entered Level 1 of the Orcish Mines
 10929 | Orc:1    | Noticed Jorgrun
 10929 | Orc:1    | Found a roughly hewn altar of Beogh.
 10955 | Orc:1    | Noticed Erica
 10966 | Orc:1    | Reached ****** piety under Uskayaw
 10986 | Orc:1    | Constricted to death by Jorgrun

Illustrated notes

Levels and vault maps discovered:
D:1:      roderic_crop_circles_arrival_small, layout_basic,
          chequers_mini_garden, serial_bayou_lagoon_a,
          minmay_misc_feat_secret_circle
D:2:      layout_loops_ring, chequers_jeans, minmay_misc_feat_five,
          minmay_liquid_box, hangedman_feature_mirror
D:3:      layout_rooms, portal_sewer_entry_b, chequers_serial_rivers_small_a,
          serial_park_tiny_1, minmay_tree_intersection
D:4:      layout_gridville, nicolae_elyvilon_temple_path,
          minmay_temple_entry_fiery, uniq_menkaure
D:5:      layout_gridville, old_standard_altar, minmay_mini_ossuary
D:6:      layout_layer_cave, lemuel_tele_altar
D:7:      layout_loops_ring, minmay_misc_feat_x
D:8:      layout_loops_ring, vehumet_crystals, minmay_shop_grid_forest,
          uniq_maurice
D:9:      layout_roguey, fedhas_altar_4, orc_david_3, minmay_misc_feat_iff
D:10:     layout_rooms, nicolae_overflows_in_rows,
          grunt_lair_entry_orc_guard_hut, special_room [special_room_orc],
          nicolae_looking_at_the_future
Temple:   hellmonk_temple_beads
Orc:1:    layout_caves, basic_altar, portal_ice_cave_entry_ice_simulacra,
          statue_in_the_mist_lemuel, uniq_jorgrun, uniq_erica, uniq_erolcha

Skill      XL: |  1  2  3  4  5  6  7  8  9 10 |
---------------+-------------------------------+-----
Fighting       | 3 4 5 6 7 8 |  8.3
Axes           | 5 6 7 8 10 11 12 | 12.9
Armour         | 1 2 3 5 6 7 |  7.2
Dodging        | 3 4 5 6 |  6.2
Shields        | 3 4 |  4.0
Throwing       | |  1.7

Action                   |  1- 3 |  4- 6 |  7- 9 | 10-12 || total
-------------------------+-------+-------+-------+-------++-------
Melee: War axe           |    51 |   178 |   353 |   162 ||   744
       Punch             |       |     1 |     5 |       ||     6
Throw: Dart              |       |     4 |       |       ||     4
       Throwing net      |       |     2 |     4 |       ||     6
       Boomerang         |       |       |     2 |     2 ||     4
Evoke: Wand              |       |       |     3 |       ||     3
  Use: Scroll            |       |     4 |    15 |     4 ||    23
       Potion            |       |     3 |     6 |     8 ||    17
 Stab: Paralysed         |       |       |     8 |    10 ||    18
       Held in net/web   |       |       |     1 |       ||     1
Armor: Leather armour    |    16 |    48 |    40 |       ||   104
       Steam dragon scal |       |       |    37 |       ||    37
       Scale mail        |       |       |    10 |    47 ||    57
       Skin              |       |       |     1 |       ||     1
Dodge: Dodged            |    19 |   123 |   216 |    49 ||   407
Block: Buckler           |       |       |    17 |    39 ||    56

Table legend: (Time is in decaauts)
 A = Elapsed time spent in this place.
 B = Non-inter-level travel time spent in this place.
 C = Inter-level travel time spent in this place.
 D = Time resting spent in this place.
 E = Time spent auto-exploring this place.
 F = Levels seen in this place.
 G = Mean time per level.
                   A        B        C        D        E       F      G
               +--------+--------+--------+--------+--------+-----+--------+
         Total |  11217 |  10668 |    549 |    158 |   8515 |  13 |  862.8 |
       Dungeon |   9620 |   9127 |    493 |    158 |   7490 |  10 |  962.0 |
        Temple |    251 |    195 |     56 |      0 |    186 |   1 |  251.0 |
  Orcish Mines |     37 |     37 |      0 |      0 |      0 |   1 |   37.0 |
         Sewer |   1307 |   1307 |      0 |      0 |    839 |   1 | 1307.0 |
               +--------+--------+--------+--------+--------+-----+--------+

Top non-repeatable levels by time:
     D:8: 1500 daAuts
     D:5: 1435 daAuts
     D:7: 1319 daAuts
   Sewer: 1307 daAuts
     D:9: 1143 daAuts
     D:4: 1052 daAuts
     D:6: 974 daAuts
     D:2: 827 daAuts
     D:1: 745 daAuts
     D:3: 594 daAuts
  Temple: 251 daAuts
   Orc:1: 37 daAuts
    D:10: 27 daAuts
